 Dungeon Crawl Stone Soup version 0.16.0-12-g7215832 (webtiles) character file.

2523594 Fluffy the Axe Maniac (level 27, 210/241 (245) HPs)
             Began as a Hill Orc Gladiator on Mar 16, 2015.
             Was the Champion of Qazlal.
             Escaped with the Orb
             ... and 4 runes on Mar 18, 2015!
             The game lasted 05:30:40 (64170 turns).

Fluffy the Axe Maniac (Hill Orc Gladiator)         Turns: 64170, Time: 05:30:40

HP:   210/241 (245) AC: 52    Str: 38    XL:     27
MP:   41/45         EV: 14    Int: 10    God:    Qazlal [******]
Gold: 5679          SH:  8    Dex:  9    Spells: 0 memorised, 26 levels left

rFire  + + .     SeeInvis .     a - +9 executioner's axe (elec)
rCold  + + +     Rnd*Rage +     V - +12 gold dragon armour
rNeg   + . .     SustAb   .     (no shield)
rPois  +         Gourm    .     P - +1 helmet of the Snake Pit {MR+ Str+4 Slay+2}
rElec  +         Spirit   .     b - +2 cloak {MR+}
rCorr  .         Warding  .     L - +0 pair of gloves "Bistreo" {rC+ MR+ Regen+ Int+2 Dex-2}
rMut   .         Rnd*Tele +     v - +2 pair of boots {run}
MR     +++++                    k - amulet of regeneration
Stlth  ..........               W - ring "Mecsa" {rElec rC+ rN+ Stlth-}
                                d - ring "Elicuri" {rElec rF+ Str+3}

@: repel missiles, quick, almost entirely resistant to hostile enchantments,
extremely unstealthy
A: berserk 2, blurry vision 2, frail 1, screaming 1, teleportitis 1, placid
magic 3, MP-powered wands 2
a: Upheaval, Elemental Force, Disaster Area, Renounce Religion
0: Orb of Zot
}: 4/15 runes: decaying, serpentine, slimy, silver


You escaped.
You worshipped Qazlal.
Qazlal was exalted by your worship.
You were hungry.

You visited 11 branches of the dungeon, and saw 64 of its levels.
You also visited: Sewer, Bailey and Volcano.

You collected 8791 gold pieces.
You spent 3112 gold pieces at shops.

Inventory:

Hand weapons
 a - a +9 executioner's axe of electrocution (weapon)
Armour
 b - a +2 cloak of magic resistance (worn)
 v - a +2 pair of boots of running (worn)
 L - the +0 pair of gloves "Bistreo" (worn) {rC+ MR+ Regen+ Int+2 Dex-2}
   (You found it on level 6 of the Pits of Slime)

   It affects your intelligence (+2).
   It affects your dexterity (-2).
   It protects you from cold.
   It affects your resistance to hostile enchantments.
   It increases your rate of regeneration.
 P - the +1 helmet of the Snake Pit (worn) {MR+ Str+4 Slay+2}
   (You found it on level 8 of the Dungeon)

   It affects your strength (+4).
   It affects your accuracy and damage with ranged weapons and melee attacks
   (+2).
   It affects your resistance to hostile enchantments.
 V - a +12 gold dragon armour (worn)
Jewellery
 d - the ring "Elicuri" (left hand) {rElec rF+ Str+3}
   (You found it on level 5 of the Vaults)

   [ring of strength]

   It affects your strength (+3).
   It protects you from fire.
   It insulates you from electricity.
 e - an uncursed amulet of warding
 k - an amulet of regeneration (around neck)
 m - an uncursed amulet of stasis
 w - an uncursed ring of protection from magic
 x - the amulet "Liozuc" {rMut +Fly rF+}
   (You acquired it on level 6 of the Pits of Slime)

   [amulet of resist mutation]

   It protects you from mutation.
   It protects you from fire.
   It lets you fly.
 A - an uncursed ring of positive energy
 M - an uncursed ring of see invisible
 S - an uncursed amulet of clarity
 W - the ring "Mecsa" (right hand) {rElec rC+ rN+ Stlth-}
   (You acquired it on level 5 of the Depths)

   [ring of positive energy]

   It protects you from cold.
   It insulates you from electricity.
   It protects you from negative energy.
   It makes you less stealthy.
 Z - an uncursed amulet of resist corrosion
Magical devices
 i - a wand of digging (12)
 C - a wand of digging (8)
 E - a wand of digging (4)
 F - a wand of digging (9)
 G - a wand of teleportation (7)
 H - a wand of digging (9)
 N - a wand of teleportation (5)
 O - a wand of teleportation (5)
 X - a wand of digging (6)
Scrolls
 n - 25 scrolls of remove curse
 o - 5 scrolls of recharging
 r - 11 scrolls of blinking
 u - 24 scrolls of teleportation
 y - 2 scrolls of brand weapon
 T - 9 scrolls of magic mapping
 U - 7 scrolls of holy word
 Y - 24 scrolls of identify
Potions
 g - 14 potions of restore abilities
 h - 27 potions of curing
 p - 9 potions of might
 q - 15 potions of haste
 t - 3 potions of magic
 z - 7 potions of heal wounds
 B - a potion of resistance
 I - 4 potions of cancellation
 J - 11 potions of agility
 R - 7 potions of ambrosia
Comestibles
 c - 27 bread rations
 f - 34 meat rations
 j - 12 slices of pizza
 l - 60 fruits
 s - 22 beef jerkies


   Skills:
 O Level 27 Fighting
 O Level 27 Axes
 - Level 2.0 Throwing
 O Level 27 Armour
 + Level 16.1 Dodging
 O Level 27 Invocations


You had 26 spell levels left.
You didn't know any spells.

Dungeon Overview and Level Annotations

Branches:
Dungeon (15/15)            Temple (0/1) D:4            Lair (8/8) D:11
  Swamp (5/5) Lair:4        Snake (5/5) Lair:3        Slime (6/6) Lair:6
    Orc (4/4) D:11            Elf (3/3) Orc:4        Vaults (5/5) D:13
  Crypt (3/3) Vaults:3       Tomb (0/3) Crypt:3      Depths (5/5) D:15
    Zot (5/5) Depths:5

Altars:
Dithmenos
Fedhas
Nemelex Xobeh
Okawaru
Qazlal
Ru
Sif Muna
Xom
Yredelemnul
Zin
The Shining One
Jiyva

Shops:
D:9 ([[!   D:10 ?   Orc:4 ?%!*   Elf:1 *   Depths:2 %}*

Portals:
Hell: Depths:1 Depths:2 Depths:3 Depths:4 Depths:5
Abyss: Depths:3 Depths:4
Pandemonium: Depths:1 Depths:2 Depths:3
Ziggurat: Depths:2


Innate Abilities, Weirdness & Mutations

You often lose your temper in combat.
Scrolls take you longer to read.
You are frail (-10% HP).
You occasionally shout uncontrollably at your foes.
Space occasionally distorts in your vicinity.
Your spells are much easier to cast, but much less powerful.
You expend magic power (6 MP) to strengthen your wands.


Message History

You kill the Shadow Fiend!
Qazlal accepts your kill.
(D) Dungeon (T) Temple (L) Lair (S) Swamp (P) Snake Pit (M) Slime Pits (O) Orcish Mines (E) Elven Halls (V) Vaults (C) Crypt (W) Tomb (U) Depths (H) Hell (Z) Zot
Where to? (Enter - D:1 @ (x,y), ? - help)
A toenail golem comes into view.
A hellion comes into view.
Evoke which item? (* to show all) (? for menu, Esc to quit)
Zapping:
i - a wand of digging (13)
Press: ? - help, Shift-Dir - straight line The rock shatters into small pieces.
This wand has 12 charges left.
The hellion gestures at you.
The hellfire explodes!
The burst of hellfire engulfs you! The hellion gestures at you.
The hellfire explodes!
The burst of hellfire engulfs you!
A rat comes into view.
There is a staircase leading out of the dungeon here.
You have escaped!

###...............#.#....##....#.
..................#.#....##.#..#.
..................#.#....##.#....
..................#.#...###.##..#
....#+#######r....#.##...##.....#
†...#..# #.2..#§......##......
[...##.# #.§§.#.......##.####.
....##.#########.##.####.##...##.
....##.#......#.@.#.......'...##.
....##.#.###..#...#......##...###
.......#.#....#'§##......#.......
##.....#.#.⌠......#......#.......
##...........#..#.#.######.......
######.....####.'.#.# #.......
######.).....#..#.#.# #.......
....##(#.#.⌠....#.#.######.......
....##.#.#...)#'###......#.......


You could see a hellion and a rat.

Vanquished Creatures
  the royal jelly (Slime:6)
  9 orbs of fire
  5 ancient liches
  Sojobo (Depths:5)
  A caustic shrike (Depths:2)
  the Lernaean hydra (Swamp:5)
  Norris (Swamp:4)
  4 curse toes
  2 Killer Klowns (Zot:5)
  11 golden dragons
  A bone dragon (Crypt:3)
  3 electric golems
  An Ice Fiend (D:8)
  12 tentacled monstrosities
  A Hell Sentinel (Zot:5)
  25 Orb Guardians (Zot:5)
  The ghost of BLOAX the Warrior, a mighty GrGl of Cheibriados (Vaults:5)
  10 liches
  3 titans
  2 deep elf master archers (Elf:3)
  Asterion (Depths:2)
  2 Shadow Fiends
  4 deep elf blademasters (Elf:3)
  A quicksilver dragon (Vaults:5)
  29 acid blobs
  An Executioner (Depths:4)
  A sphinx (Vaults:3)
  Rupert (Snake:1)
  8 tengu reavers
  4 ancient champions
  18 azure jellies
  Kirke (Swamp:4)
  6 draconian monks
  Frances (Elf:3)
  A spectral weapon (Depths:2)
  12 shadow dragons
  2 revenants (Crypt:1)
  7 greater nagas
  Roxanne (Snake:1)
  20 storm dragons
  An azure jelly (shapeshifter) (Depths:4)
  10 fire giants
  2 ghost moths (Zot:2)
  10 frost giants
  An orc warlord (Vaults:5)
  12 deep elf sorcerers
  8 vault wardens
  Aizul (Snake:2)
  2 iron dragons
  2 balrugs
  2 draconian zealots
  Gastronok (Orc:4)
  4 emperor scorpions
  8 ironheart preservers
  A reaper (Depths:1)
  8 ghouls
  Jorgrun (Vaults:2)
  6 war gargoyles
  A spriggan defender (Depths:3)
  A draconian annihilator (Zot:1)
  9 stone giants
  6 very ugly things
  5 draconian shifters
  3 green draconians
  3 grey draconians
  3 deep elf demonologists
  4 vampire knights
  4 purple draconians
  3 black draconians
  6 white draconians
  2 lorocyprocas
  6 red draconians
  6 dire elephants
  2 pale draconians
  3 yellow draconians
  26 vault guards
  10 deep elf annihilators
  7 mottled draconians
  3 crystal guardians (Crypt:3)
  Snorg (Elf:3)
  A merfolk javelineer (Depths:3)
  8 death oozes
  6 deep elf death magi
  2 eidola
  13 ettins
  5 deep elf high priests
  Josephine (D:14)
  8 jiangshi
  A quicksilver dragon zombie (Vaults:2)
  A fire dragon (shapeshifter) (Depths:4)
  A green death (D:9)
  7 great orbs of eyes
  20 yaktaur captains
  Fannar (Orc:3)
  3 ice dragons (shapeshifter) (Depths:4)
  6 rakshasas
  2 ghost crabs
  Harold (D:12)
  A hell beast (Elf:3)
  15 ice dragons
  11 fire dragons
  6 death cobs
  14 naga warriors
  A merfolk avatar (Swamp:3)
  8 spriggan air magi
  23 hydras
  A satyr (shapeshifter) (Depths:4)
  12 deep troll earth magi
  17 ogre magi
  3 catoblepae (Lair:8)
  8 centaur warriors
  22 dancing weapons
  3 anacondas (shapeshifter)
  6 alligators
  26 death yaks
  2 tengu warriors
  2 death knights
  7 vampire magi
  4 spriggan berserkers
  2 orc high priests (Elf:3)
  11 naga sharpshooters
  4 shock serpents
  Urug (Orc:4)
  3 sun demons
  A storm dragon zombie (Crypt:3)
  4 deep troll shamans
  2 soul eaters
  16 deep elf knights
  3 salamander mystics
  A sea snake (shapeshifter) (Vaults:3)
  2 fire crabs
  4 flayed ghosts
  3 shadow wraiths
  36 skeletal warriors
  2 iron trolls (Depths:1)
  5 unseen horrors
  10 hell knights
  2 ice devils
  2 storm dragon skeletons
  A golden dragon zombie (Crypt:3)
  3 giant orange brains
  9 naga ritualists
  4 spriggan druids
  24 deep trolls
  A swamp dragon (shapeshifter) (Depths:2)
  A shadow dragon zombie (Vaults:5)
  An anaconda skeleton (Crypt:2)
  17 deep elf summoners
  12 ironbrand convokers
  6 deathcaps
  A lindwurm (shapeshifter) (Vaults:5)
  9 orc knights
  11 swamp dragons
  2 unseen horrors (shapeshifter)
  18 harpies
  5 oklob plants
  13 mana vipers
  13 necromancers
  2 ugly thing zombies
  6 human zombies
  11 shining eyes
  4 wolf spider zombies
  11 deep elf conjurers
  A shadow dragon skeleton (Crypt:1)
  7 hill giants
  5 wolf spiders
  9 orc sorcerers
  7 griffons
  A wolf spider (shapeshifter) (Vaults:5)
  2 ugly thing skeletons (Vaults:1)
  42 ugly things
  12 cyclopes
  A sphinx skeleton (Depths:1)
  A hornet (shapeshifter) (Depths:2)
  4 hornets
  19 salamanders
  5 sixfirhies
  6 phantasmal warriors
  2 wizards
  A faun (shapeshifter) (Vaults:5)
  3 manticores
  15 vault sentinels
  An iron dragon skeleton (Crypt:3)
  22 moths of wrath
  A drowned soul (Swamp:3)
  20 black mambas
  4 rust devils
  4 human skeletons
  A frost giant skeleton (Vaults:3)
  3 guardian serpents
  31 spiny frogs
  3 torpor snails
  A smoke demon (Elf:3)
  4 eyes of devastation
  An emperor scorpion zombie (Crypt:3)
  An orange demon (Elf:3)
  Psyche (Orc:3)
  A dire elephant skeleton (Crypt:3)
  24 naga magi
  5 spectral swamp worms (Depths:1)
  37 yaktaurs
  5 kobold demonologists
  2 demonic crawlers
  9 komodo dragons
  3 red devils
  11 deep elf priests
  3 ghoul skeletons (Crypt:2)
  8 large abominations
  2 blue devils
  4 hellwings
  9 freezing wraiths
  3 trolls
  2 jumping spiders
  A troll (shapeshifter) (Depths:2)
  A silent spectre (Crypt:1)
  2 tengu conjurers
  Sonja (D:10)
  A two-headed ogre (shapeshifter) (Vaults:1)
  2 giant leeches
  A harpy skeleton (Crypt:3)
  31 two-headed ogres
  Prince Ribbit (D:5)
  23 blink frogs
  An ettin zombie (Vaults:1)
  A polar bear (shapeshifter) (Vaults:2)
  A baby alligator (shapeshifter) (Elf:1)
  10 boulder beetles
  10 ravens
  13 bog bodies
  6 baby alligators
  A fire dragon zombie (Crypt:3)
  29 flying skulls
  A basilisk (Lair:7)
  11 wandering mushrooms
  An ice dragon zombie (Depths:1)
  10 spriggans
  A boulder beetle (shapeshifter) (Depths:4)
  A fire giant simulacrum (Vaults:1)
  145 slime creatures
  A spriggan (shapeshifter) (Vaults:2)
  4 shadows
  8 redbacks
  An ice dragon skeleton (Crypt:1)
  A wyvern (D:13)
  2 vampires
  12 wraiths
  69 yaks
  3 tarantellas
  5 air elementals
  A yak (shapeshifter) (Depths:2)
  A trapdoor spider (D:14)
  27 deep elf magi
  An ettin skeleton (Vaults:1)
  6 chaos spawn
  A fire elemental (Depths:4)
  5 water elementals
  A black mamba skeleton (Crypt:3)
  Eustachio (D:4)
  A human (shapeshifter) (D:15)
  5 hogs (Swamp:4)
  4 hungry ghosts
  16 hippogriffs
  3 mottled dragons
  4 golden eyes (Slime:6)
  8 wargs
  5 small abominations
  32 vampire mosquitoes
  40 deep elf fighters
  A soldier ant (D:11)
  Edmund (D:5)
  Menkaure (D:6)
  6 wolves
  13 insubstantial wisps
  2 hydra simulacra (Depths:4)
  21 water moccasins
  38 swamp worms
  67 nagas
  A deep troll skeleton (Vaults:2)
  14 porcupines
  2 spiny frog skeletons (Crypt:3)
  6 sky beasts
  2 necrophages (Crypt:2)
  4 black bears
  3 elf zombies
  A fire dragon simulacrum (Depths:4)
  17 swamp drakes
  76 ogres
  A manticore zombie (Crypt:1)
  38 orc warriors
  A baby alligator skeleton (Crypt:1)
  2 swamp drakes (shapeshifter)
  3 boggarts
  6 wasps
  9 ice beasts
  2 boring beetles
  20 crocodiles
  4 eyes of draining
  6 phantoms
  25 centaurs
  Duvessa (D:6)
  A komodo dragon zombie (Crypt:2)
  A fire crab zombie (Crypt:2)
  23 giant frogs
  3 yaktaur zombies (Vaults:5)
  A cyclops zombie (Vaults:2)
  7 big kobolds
  2 troll zombies
  2 scorpions
  4 wyvern skeletons
  18 killer bees
  15 wights
  2 oklob saplings (D:9)
  4 electric eels
  2 spriggan skeletons
  A polar bear skeleton (Crypt:1)
  14 hounds
  Dowan (D:6)
  7 crimson imps
  A giant frog zombie (D:10)
  3 quasits
  10 lava snakes
  35 jellies
  3 centaur zombies
  2 centaur skeletons
  4 giant frog skeletons
  2 iron imps
  8 hell rats
  25 orc priests
  2 basilisk skeletons
  7 iguanas
  39 orc wizards
  Natasha (D:6)
  12 worker ants
  A killer bee zombie (D:7)
  15 sheep
  Ijyb (D:2)
  A crocodile skeleton (Crypt:1)
  2 hound zombies
  A tengu skeleton (Crypt:2)
  A worker ant zombie (D:11)
  4 gnolls (D:3)
  41 river rats
  4 shadow imps
  27 adders
  3 worms
  A white imp (Depths:1)
  An ufetubus (Elf:3)
  An adder zombie (D:7)
  2 adder skeletons
  187 orcs
  A bat zombie (D:8)
  11 giant cockroaches
  17 goblins
  20 hobgoblins
  7 oozes
  16 quokkas
  A river rat zombie (Crypt:2)
  4 ball pythons
  20 bats
  8 giant geckos
  A giant gecko skeleton (D:4)
  8 giant newts (Sewer)
  A giant spore (D:7)
  A goblin zombie (Crypt:2)
  18 jackals
  27 kobolds
  3 orc zombies
  A quokka skeleton (D:7)
  A quokka zombie (D:5)
  18 rats
  2 bushes
  7 crawling corpses
  56 fungi
  42 plants
3171 creatures vanquished.

Vanquished Creatures (collateral kills)
  Saint Roka (Elf:3)
1 creature vanquished.

Vanquished Creatures (others)
  An eldritch tentacle (Zot:5)
  A draconian scorcher (Zot:3)
  2 vault guards (Vaults:5)
  5 drowned souls (Swamp:3)
  A salamander (Depths:2)
  A rust devil (Elf:3)
  A yaktaur (Vaults:3)
  A frost giant simulacrum (Crypt:1)
  An air elemental (Swamp:5)
  A fire elemental (Swamp:5)
  2 ogres
  An ice beast (D:7)
  8 lost souls
  181 eldritch tentacle segments
  3 fungi
  2 plants (Depths:3)
212 creatures vanquished.

Grand Total: 3384 creatures vanquished

Notes
Turn   | Place    | Note
--------------------------------------------------------------
     0 | D:1      | Fluffy, the Hill Orc Gladiator, began the quest for the Orb.
     0 | D:1      | Reached XP level 1. HP: 18/18 MP: 1/1
   268 | D:1      | Reached XP level 2. HP: 20/25 MP: 2/2
   358 | D:1      | Reached skill level 5 in Axes
   818 | D:2      | Reached XP level 3. HP: 30/30 MP: 3/3
   925 | D:2      | Reached skill level 6 in Axes
   942 | D:2      | Noticed Ijyb
   947 | D:2      | Reached XP level 4. HP: 32/37 MP: 4/4
   960 | D:2      | Killed Ijyb
   965 | D:2      | Found a stormy altar of Qazlal.
   970 | D:2      | Noticed a fire elemental
   970 | D:2      | Noticed a water elemental
   971 | D:2      | Noticed an air elemental
   971 | D:2      | Noticed an earth elemental
   976 | D:2      | Became a worshipper of Qazlal Stormbringer
  1300 | D:3      | Reached skill level 7 in Axes
  1334 | D:3      | Found a glowing drain.
  1344 | D:3      | Reached XP level 5. HP: 21/42 MP: 5/5
  1350 | Sewer    | Entered a sewer
  1654 | Sewer    | Acquired Qazlal's first power
  1724 | Sewer    | Reached skill level 8 in Axes
  1733 | Sewer    | Reached XP level 6. HP: 45/50 MP: 6/6
  1947 | D:3      | Reached skill level 9 in Axes
  2051 | D:3      | Found a glowing silver altar of Zin.
  2162 | D:3      | Found a sacrificial altar of Ru.
  2289 | D:3      | Found a glowing golden altar of the Shining One.
  2374 | D:3      | Acquired Qazlal's second power
  2623 | D:4      | Found a staircase to the Ecumenical Temple.
  2684 | D:4      | Reached skill level 10 in Axes
  2684 | D:4      | Reached XP level 7. HP: 56/56 MP: 7/7
  3048 | D:4      | Noticed Eustachio
  3060 | D:4      | Killed Eustachio
  3060 | D:4      | Reached skill level 11 in Axes
  3089 | D:4      | Reached XP level 8. HP: 62/62 MP: 9/12
  3148 | D:4      | Found a viscous altar of Jiyva.
  3153 | D:4      | Acquired Qazlal's third power
  3380 | D:5      | Entered Level 5 of the Dungeon
  3499 | D:5      | Noticed Edmund
  3512 | D:5      | Killed Edmund
  3512 | D:5      | Reached skill level 12 in Axes
  3512 | D:5      | Reached skill level 5 in Invocations
  3609 | D:5      | Noticed Prince Ribbit
  3614 | D:5      | Killed Prince Ribbit
  3924 | D:5      | Found a deep blue altar of Sif Muna.
  4007 | D:6      | Reached XP level 9. HP: 51/68 MP: 19/19
  4013 | D:6      | Reached skill level 1 in Armour
  4267 | D:6      | Noticed Menkaure
  4277 | D:6      | Killed Menkaure
  4331 | D:6      | Acquired Qazlal's fourth power
  4430 | D:6      | Reached skill level 13 in Axes
  4443 | D:6      | Noticed Natasha
  4446 | D:6      | Killed Natasha
  4486 | D:6      | Noticed Duvessa
  4488 | D:6      | Killed Duvessa
  4490 | D:6      | Noticed Dowan
  4503 | D:6      | Killed Dowan
  4632 | D:7      | Found an iron altar of Okawaru.
  4713 | D:7      | Reached skill level 5 in Fighting
  5030 | D:7      | Reached XP level 10. HP: 81/81 MP: 22/22
  6014 | D:7      | Reached skill level 5 in Armour
  6119 | D:8      | Found a flagged portal.
  6150 | Bailey   | Entered a bailey
  6263 | Bailey   | Acquired Qazlal's fifth power
  6750 | Bailey   | Reached skill level 14 in Axes
  7070 | D:8      | Got a slimy helmet
  7108 | D:8      | Identified the +1 helmet of the Snake Pit {MR+ Str+4 Slay+2} (You found it on level 8 of the Dungeon)
  7585 | D:9      | Found Vunapok's Distillery.
  7682 | D:9      | Found Axiew's Weapon Emporium.
  7721 | D:9      | Found Asiovioch's Antique Armour Boutique.
  7780 | D:9      | Found Klabeuh's Antique Armour Boutique.
  7784 | D:9      | Bought a spiked cloak for 294 gold pieces
  7794 | D:9      | Identified the cursed -3 cloak of Gosm {rPois} (You bought it in a shop on level 9 of the Dungeon)
  7858 | D:9      | Reached skill level 10 in Invocations
  7905 | D:9      | Found a blossoming altar of Fedhas.
  7912 | D:9      | Reached XP level 11. HP: 90/92 MP: 23/25
  8085 | D:10     | Entered Level 10 of the Dungeon
  8141 | D:10     | Noticed a hill giant
  8146 | D:10     | Noticed Sonja
  8147 | D:10     | Killed a hill giant
  8159 | D:10     | Killed Sonja
  8545 | D:10     | Found Waucicku's Magic Scroll Boutique.
  8746 | D:11     | Reached skill level 15 in Axes
  9153 | D:11     | Noticed a hill giant
  9157 | D:11     | Killed a hill giant
  9179 | D:11     | Noticed a hill giant
  9186 | D:11     | Killed a hill giant
  9678 | D:11     | Reached XP level 12. HP: 92/106 MP: 27/27
  9738 | D:11     | Found a staircase to the Orcish Mines.
  9826 | D:11     | Reached skill level 10 in Fighting
  9940 | D:11     | Found a staircase to the Lair.
 10384 | Orc:1    | Entered Level 1 of the Orcish Mines
 11178 | Orc:2    | Reached skill level 16 in Axes
 11685 | Orc:3    | Noticed Fannar
 11694 | Orc:3    | Killed Fannar
 12144 | Orc:3    | Noticed Psyche
 12147 | Orc:3    | Killed Psyche
 12474 | Orc:4    | Entered Level 4 of the Orcish Mines
 12663 | Orc:4    | Found a glowing silver altar of Zin.
 12666 | Orc:4    | Noticed Urug
 12675 | Orc:4    | Killed Urug
 12675 | Orc:4    | Reached skill level 10 in Armour
 12815 | Orc:4    | Reached XP level 13. HP: 91/116 MP: 29/29
 12817 | Orc:4    | Noticed an ogre mage
 12823 | Orc:4    | Noticed an ogre mage
 12826 | Orc:4    | Killed an ogre mage
 12827 | Orc:4    | Noticed an ogre mage
 12845 | Orc:4    | Killed an ogre mage
 12846 | Orc:4    | Killed an ogre mage
 12982 | Orc:4    | Noticed an ogre mage
 12987 | Orc:4    | Killed an ogre mage
 13023 | Orc:4    | Found Igufad's Food Shoppe.
 13023 | Orc:4    | Found Grae's Magic Scroll Shop.
 13024 | Orc:4    | Found Frusogu's Assorted Antiques.
 13024 | Orc:4    | Found Tatsomp's Distillery.
 13107 | Orc:4    | Noticed Gastronok
 13115 | Orc:4    | Killed Gastronok
 13115 | Orc:4    | Reached skill level 17 in Axes
 13152 | Orc:4    | Found an iron altar of Okawaru.
 13394 | Orc:4    | Found a staircase to the Elven Halls.
 13886 | D:12     | Noticed Harold
 13895 | D:12     | Killed Harold
 14972 | Lair:1   | Entered Level 1 of the Lair of Beasts
 16186 | Lair:2   | Reached XP level 14. HP: 127/127 MP: 31/31
 16328 | Lair:2   | Reached skill level 15 in Invocations
 17203 | Lair:3   | Found a staircase to the Snake Pit.
 17910 | Lair:4   | Found a dark tunnel.
 17918 | Volcano  | Entered a volcano
 18049 | Volcano  | Found a radiant altar of Vehumet.
 18054 | Volcano  | Paralysed by an orc sorcerer for 2 turns
 18058 | Volcano  | Reached skill level 18 in Axes
 18133 | Volcano  | Upgraded the game from 0.16.0-8-gd9ae3a8 to 0.16.0-11-gd45b091
 18324 | Lair:4   | Got an ancient mace
 18325 | Lair:4   | Identified the +9 mace of Invincibility {venom, rPois Int+5 Dex-4} (You found it on level 4 of the Lair of Beasts)
 18526 | Lair:4   | Found a staircase to the Swamp.
 19853 | D:9      | Bought a shiny gold dragon armour for 1760 gold pieces
 20189 | Lair:6   | Found a runed door.
 20194 | Lair:6   | Noticed an acid blob
 20198 | Lair:6   | Found a viscous altar of Jiyva.
 20198 | Lair:6   | Noticed an acid blob
 20203 | Lair:6   | Found a staircase to the Slime Pits.
 21262 | Lair:7   | Identified a scroll of acquirement
 21620 | Lair:8   | Entered Level 8 of the Lair of Beasts
 21652 | Lair:8   | Reached XP level 15. HP: 138/138 MP: 32/32
 22259 | Lair:8   | Got a pair of shimmering gloves
 22274 | Lair:8   | Identified the +3 pair of gloves of Wiulaf {Str+3} (You found it on level 8 of the Lair of Beasts)
 22680 | Lair:8   | Reached skill level 19 in Axes
 22888 | Snake:1  | Entered Level 1 of the Snake Pit
 22888 | Snake:1  | Noticed Roxanne
 23152 | Snake:1  | Noticed Rupert
 23160 | Snake:1  | Killed Rupert
 23171 | Snake:1  | Reached skill level 15 in Fighting
 23576 | Snake:1  | Killed Roxanne
 23724 | Snake:2  | Noticed Aizul
 23737 | Snake:2  | Killed Aizul
 24232 | Snake:2  | Reached XP level 16. HP: 149/149 MP: 34/34
 24781 | Snake:3  | Found a shimmering altar of Xom.
 25880 | Snake:4  | Reached skill level 20 in Axes
 25986 | Snake:5  | Entered Level 5 of the Snake Pit
 26287 | Snake:5  | Reached skill level 15 in Armour
 26479 | Snake:5  | Reached XP level 17. HP: 159/159 MP: 35/35
 27158 | Snake:5  | Got a serpentine rune of Zot
 27352 | Snake:5  | Identified a +0 rod of shadows (14/14) (You took it off a salamander on level 5 of the Snake Pit)
 27598 | Swamp:1  | Entered Level 1 of the Swamp
 29458 | Swamp:3  | Got a jewelled great sword
 29591 | Swamp:3  | Identified the +2 great sword of Eternity {slice, -Cast Int+10} (You found it on level 3 of the Swamp)
 30142 | Swamp:4  | Noticed Kirke
 30151 | Swamp:4  | Reached skill level 21 in Axes
 30163 | Swamp:4  | Killed Kirke
 30288 | Swamp:4  | Noticed Norris
 30306 | Swamp:4  | Killed Norris
 30460 | Swamp:4  | Reached XP level 18. HP: 168/170 MP: 36/36
 30944 | Swamp:5  | Entered Level 5 of the Swamp
 31458 | Swamp:5  | Noticed the 27-headed Lernaean hydra
 31464 | Swamp:5  | Killed the 25-headed Lernaean hydra
 31471 | Swamp:5  | Got a decaying rune of Zot
 32265 | Orc:4    | Bought a ring of slaying for 68 gold pieces
 32324 | Elf:1    | Entered Level 1 of the Elven Halls
 32398 | Elf:1    | Found Laaxol's General Store.
 33689 | Elf:2    | Found a huge runed gate.
 33695 | Elf:2    | Found a huge runed gate.
 33695 | Elf:2    | Found a huge runed gate.
 33697 | Elf:2    | Found a huge runed gate.
 33698 | Elf:2    | Found a huge runed gate.
 33822 | Elf:2    | Reached XP level 19. HP: 144/180 MP: 38/38
 33882 | Elf:2    | Reached skill level 22 in Axes
 34218 | Elf:3    | Entered Level 3 of the Elven Halls
 34343 | Elf:3    | Noticed Frances
 34346 | Elf:3    | Noticed Saint Roka
 34351 | Elf:3    | Killed Frances
 34661 | Elf:3    | Killed Saint Roka
 34958 | Elf:3    | Noticed Snorg
 34961 | Elf:3    | Killed Snorg
 35482 | Elf:3    | Identified a +1 pair of boots of running (You found it on level 3 of the Elven Halls)
 35891 | D:10     | Bought a scroll of enchant armour for 120 gold pieces
 35994 | D:13     | Found a gate to the Vaults.
 36728 | D:14     | Found a shadowy altar of Dithmenos.
 36799 | D:14     | Reached XP level 20. HP: 186/191 MP: 39/39
 37150 | D:14     | Noticed Josephine
 37152 | D:14     | Killed Josephine
 37305 | D:15     | Entered Level 15 of the Dungeon
 37402 | D:15     | Reached skill level 23 in Axes
 37413 | D:15     | Found a staircase to the Depths.
 37695 | Vaults:1 | Entered Level 1 of the Vaults
 37860 | Vaults:1 | Reached skill level 24 in Axes
 38298 | Vaults:1 | Reached skill level 25 in Axes
 38457 | Vaults:1 | Reached skill level 26 in Axes
 38990 | Vaults:2 | Noticed Jorgrun
 38994 | Vaults:2 | Killed Jorgrun
 39321 | Vaults:2 | Reached XP level 21. HP: 184/200 MP: 39/39
 40177 | Vaults:3 | Identified the Tome of Quantum Leap
 40430 | Vaults:3 | Found a staircase to the Crypt.
 41190 | Vaults:4 | Reached skill level 27 in Axes
 42067 | Crypt:1  | Entered Level 1 of the Crypt
 42331 | Crypt:1  | Reached XP level 22. HP: 189/211 MP: 40/40
 44443 | Crypt:3  | Entered Level 3 of the Crypt
 44658 | Crypt:3  | Noticed an ancient lich
 44666 | Crypt:3  | Killed an ancient lich
 44747 | Crypt:3  | Found a basalt altar of Yredelemnul.
 44872 | Crypt:3  | Found a staircase to the Tomb.
 45248 | Crypt:3  | Reached XP level 23. HP: 219/219 MP: 41/41
 45806 | Depths:1 | Entered Level 1 of the Depths
 45857 | Depths:1 | Found a gateway to Hell.
 45987 | Depths:1 | Found a one-way gate leading to the halls of Pandemonium.
 46196 | Depths:1 | Found a sparkling altar of Nemelex Xobeh.
 46678 | Depths:2 | Noticed a caustic shrike
 46684 | Depths:2 | Killed a caustic shrike
 46720 | Depths:2 | Found Jotet Throa's Assorted Antiques.
 46815 | Depths:2 | Found Tom Eclo's Gadget Emporium.
 46896 | Depths:2 | Found a gateway to a ziggurat.
 46909 | Depths:2 | Found Biecsoa's Food Shoppe.
 47053 | Depths:2 | Found a sparkling altar of Nemelex Xobeh.
 47101 | Depths:2 | Found a glowing golden altar of the Shining One.
 47296 | Depths:2 | Noticed Asterion
 47305 | Depths:2 | Killed Asterion
 48162 | Depths:3 | Found a one-way gate to the infinite horrors of the Abyss.
 48464 | Depths:3 | Reached XP level 24. HP: 223/231 MP: 42/42
 49739 | Depths:5 | Entered Level 5 of the Depths
 49742 | Depths:5 | Noticed Sojobo
 49751 | Depths:5 | Killed Sojobo
 49840 | Depths:5 | Reached XP level 25. HP: 241/241 MP: 43/43
 49923 | Depths:5 | Got a pitted lead ring
 49925 | Depths:5 | Identified the ring "Mecsa" {rElec rC+ rN+ Stlth-} (You acquired it on level 5 of the Depths)
 49948 | Depths:5 | Found a gate to the Realm of Zot.
 51073 | Vaults:5 | Entered Level 5 of the Vaults
 51074 | Vaults:5 | Reached XP level 26. HP: 250/250 MP: 44/44
 51086 | Vaults:5 | Noticed BLOAX's ghost (mighty GrGl)
 51087 | Vaults:5 | Noticed an ancient lich
 51093 | Vaults:5 | Killed an ancient lich
 51111 | Vaults:5 | Killed BLOAX's ghost
 51161 | Vaults:5 | Reached skill level 27 in Invocations
 51476 | Vaults:5 | Got a vibrating turquoise ring
 51477 | Vaults:5 | Identified the ring "Elicuri" {rElec rF+ Str+3} (You found it on level 5 of the Vaults)
 51920 | Vaults:5 | Got a silver rune of Zot
 51942 | Vaults:5 | Identified the Reference Book on the Ghastly Oath (You found it on level 5 of the Vaults)
 52190 | Vaults:5 | Got a shimmering lajatang
 52191 | Vaults:5 | Identified the +8 lajatang "Luroakh" {speed, +Blink rN+ MP+9 Str-4 Int+4} (You took it off a vault warden on level 5 of the Vaults)
 52195 | Vaults:5 | Got a polished arbalest
 52196 | Vaults:5 | Identified the +4 arbalest of Immorality {speed, rElec Int+3} (You took it off a vault warden on level 5 of the Vaults)
 52323 | Vaults:5 | Gained mutation: You have a pair of small horns on your head. [potion of beneficial mutation]
 52787 | Depths:5 | Reached XP level 27. HP: 262/262 MP: 45/45
 52808 | Zot:1    | Entered Level 1 of the Realm of Zot
 52879 | Zot:1    | Noticed an orb of fire
 52883 | Zot:1    | Killed an orb of fire
 53090 | Zot:1    | Reached skill level 5 in Dodging
 56660 | Zot:5    | Entered Level 5 of the Realm of Zot
 56981 | Zot:5    | Reached skill level 27 in Fighting
 56998 | Zot:5    | Noticed an ancient lich
 57006 | Zot:5    | Killed an ancient lich
 57157 | Zot:5    | Noticed an ancient lich
 57164 | Zot:5    | Killed an ancient lich
 57167 | Zot:5    | Noticed an orb of fire
 57169 | Zot:5    | Noticed an orb of fire
 57169 | Zot:5    | Gained mutation: You tend to lose your temper in combat. [an orb of fire]
 57170 | Zot:5    | Noticed an orb of fire
 57173 | Zot:5    | Noticed an orb of fire
 57174 | Zot:5    | Gained mutation: You are clumsy. (Dex -2) [an orb of fire]
 57175 | Zot:5    | Gained mutation: Your spells are a little easier to cast, but a little less powerful. [an orb of fire]
 57176 | Zot:5    | Killed an orb of fire
 57176 | Zot:5    | Reached skill level 10 in Dodging
 57177 | Zot:5    | Gained mutation: You can spit poison. [an orb of fire]
 57178 | Zot:5    | Noticed an ancient lich
 57178 | Zot:5    | Noticed an orb of fire
 57178 | Zot:5    | Gained mutation: Scrolls take you a little longer to read. [an orb of fire]
 57179 | Zot:5    | Noticed an orb of fire
 57180 | Zot:5    | Killed an orb of fire
 57182 | Zot:5    | Gained mutation: You occasionally shout uncontrollably at your foes. [an orb of fire]
 57183 | Zot:5    | Gained mutation: Your body is slowly deteriorating. [an orb of fire]
 57190 | Zot:5    | Killed an orb of fire
 57191 | Zot:5    | Killed an orb of fire
 57191 | Zot:5    | Killed an orb of fire
 57199 | Zot:5    | Killed an orb of fire
 57205 | Zot:5    | Killed an ancient lich
 57455 | Zot:5    | Noticed an orb of fire
 57455 | Zot:5    | Gained mutation: You expend magic power (3 MP) to slightly strengthen your wands. [an orb of fire]
 57457 | Zot:5    | Lost mutation: You have a pair of small horns on your head. [an orb of fire]
 57468 | Zot:5    | Killed an orb of fire
 57472 | Zot:5    | Got a polished cloak
 57476 | Zot:5    | Identified the +0 cloak of Winter {-Cast rC- Str+9 Int+2} (You took it off a purple draconian on level 5 of the Realm of Zot)
 57732 | Zot:5    | Noticed an orb of fire
 57732 | Zot:5    | Gained mutation: You are dopey. (Int -2) [an orb of fire]
 57736 | Zot:5    | Gained mutation: Your magical capacity is low (-10% MP). [an orb of fire]
 57741 | Zot:5    | Gained mutation: Your body is deteriorating. [an orb of fire]
 57743 | Zot:5    | Gained mutation: You expend magic power (6 MP) to strengthen your wands. [an orb of fire]
 57747 | Zot:5    | Killed an orb of fire
 57787 | Zot:5    | Upgraded the game from 0.16.0-11-gd45b091 to 0.16.0-12-g7215832
 58493 | Lair:6   | Killed an acid blob
 58495 | Lair:6   | Killed an acid blob
 58503 | Slime:1  | Entered Level 1 of the Pits of Slime
 58541 | Slime:1  | Gained mutation: Scrolls take you longer to read. [a shining eye]
 59281 | Slime:3  | Reached skill level 27 in Armour
 59712 | Slime:3  | Gained mutation: You expend magic power (9 MP) to make your wands much stronger. [a shining eye]
 60412 | Slime:5  | Gained mutation: You have difficulty communicating with the divine. [a shining eye]
 60426 | Slime:5  | Gained mutation: Scrolls take you much longer to read. [a shining eye]
 60430 | Slime:5  | Gained mutation: Your spells are easier to cast, but less powerful. [a shining eye]
 60542 | Slime:4  | Gained mutation: You are frail (-10% HP). [a shining eye]
 61202 | Slime:6  | Entered Level 6 of the Pits of Slime
 61214 | Slime:6  | Gained mutation: You are very frail (-20% HP). [a shining eye]
 61216 | Slime:6  | Gained mutation: Your spells are much easier to cast, but much less powerful. [a shining eye]
 61218 | Slime:6  | Gained mutation: Space occasionally distorts in your vicinity. [a shining eye]
 61223 | Slime:6  | Gained mutation: Your magical capacity is very low (-20% MP). [a shining eye]
 61223 | Slime:6  | Lost mutation: Your body is deteriorating. [a shining eye]
 61228 | Slime:6  | Gained mutation: You often lose your temper in combat. [a shining eye]
 61256 | Slime:6  | Noticed the royal jelly
 61262 | Slime:6  | Killed the royal jelly
 61262 | Slime:6  | Reached skill level 15 in Dodging
 61879 | Slime:6  | Identified the Volume of the Six Wishes (You found it on level 6 of the Pits of Slime)
 61899 | Slime:6  | Got an ichor-stained plate armour
 61903 | Slime:6  | Identified the cursed -5 plate armour of the Mantidfly {rF++} (You found it on level 6 of the Pits of Slime)
 61989 | Slime:6  | Got a pair of fine gloves
 61993 | Slime:6  | Identified the +0 pair of gloves "Bistreo" {rC+ MR+ Regen+ Int+2 Dex-2} (You found it on level 6 of the Pits of Slime)
 62012 | Slime:6  | Got a flickering jade amulet
 62016 | Slime:6  | Identified the amulet "Liozuc" {rMut +Fly rF+} (You acquired it on level 6 of the Pits of Slime)
 62076 | Slime:6  | Got a slimy rune of Zot
 62078 | Slime:6  | Identified the Guide on Evil
 62131 | Slime:6  | Got a smoking golden ring
 62135 | Slime:6  | Identified the ring "Cumotzuloap" {Dex+3 Stlth+} (You found it on level 6 of the Pits of Slime)
 62146 | Slime:6  | Got a pitted bronze ring
 62148 | Slime:6  | Identified the ring "Yntunus" {-Cast rPois Int+2 SInv} (You found it on level 6 of the Pits of Slime)
 62306 | Slime:2  | Gained mutation: Your body is deteriorating. [a shining eye]
 62310 | Slime:2  | Gained mutation: You are extremely frail (-30% HP). [a shining eye]
 62470 | Lair:6   | Lost mutation: You are clumsy. (Dex -2) [potion of cure mutation]
 62470 | Lair:6   | Lost mutation: You are dopey. (Int -2) [potion of cure mutation]
 62470 | Lair:6   | Lost mutation: You expend magic power (9 MP) to make your wands much stronger. [potion of cure mutation]
 62470 | Lair:6   | Lost mutation: Your magical capacity is very low (-20% MP). [potion of cure mutation]
 62470 | Lair:6   | Lost mutation: Your body is deteriorating. [potion of cure mutation]
 62471 | Lair:6   | Lost mutation: You have difficulty communicating with the divine. [potion of cure mutation]
 62471 | Lair:6   | Lost mutation: You are extremely frail (-30% HP). [potion of cure mutation]
 62471 | Lair:6   | Lost mutation: Your magical capacity is low (-10% MP). [potion of cure mutation]
 62471 | Lair:6   | Lost mutation: You can spit poison. [potion of cure mutation]
 62748 | Orc:4    | Bought a potion of cure mutation for 525 gold pieces
 62748 | Orc:4    | Bought a potion of curing for 45 gold pieces
 62748 | Orc:4    | Bought a potion of haste for 150 gold pieces
 62748 | Orc:4    | Bought a potion of haste for 150 gold pieces
 62750 | Orc:4    | Lost mutation: You are very frail (-20% HP). [potion of cure mutation]
 62750 | Orc:4    | Lost mutation: Your body is slowly deteriorating. [potion of cure mutation]
 62750 | Orc:4    | Lost mutation: Scrolls take you much longer to read. [potion of cure mutation]
 63308 | Zot:5    | Got the Orb of Zot
 63971 | D:8      | Noticed an ancient lich
 64095 | D:4      | Noticed Luom the pandemonium lord
 64099 | D:3      | Found a shimmering altar of Xom.
 64170 | D:$      | Escaped with the Orb!

Action                   |  1- 3 |  4- 6 |  7- 9 | 10-12 | 13-15 | 16-18 | 19-21 | 22-24 | 25-27 || total
-------------------------+-------+-------+-------+-------+-------+-------+-------+-------+-------++-------
Melee: War axe           |    77 |   179 |   254 |    37 |   780 |   914 |   154 |    32 |       ||  2427
       Battleaxe         |       |       |    12 |   588 |       |       |   740 |       |       ||  1340
       Halberd           |       |       |       |    14 |       |       |       |       |       ||    14
       Mace              |       |       |       |       |     9 |       |       |       |       ||     9
       Executioner's axe |       |       |       |       |       |       |       |   678 |  1084 ||  1762
Throw: Javelin           |       |       |     7 |       |       |       |       |       |       ||     7
       Tomahawk          |       |       |     3 |     1 |       |       |       |       |       ||     4
Invok: Upheaval          |       |       |       |       |       |     1 |     4 |       |     3 ||     8
       Elemental Force   |       |       |       |       |       |     1 |     1 |       |       ||     2
       Disaster Area     |       |       |       |       |       |       |     1 |       |     1 ||     2
 Abil: Evoke Flight      |       |       |       |       |     2 |     2 |       |       |       ||     4
       Stop Flying       |       |       |       |       |     1 |     2 |       |       |       ||     3
Evoke: Wand              |       |       |       |       |       |       |       |       |     4 ||     4
  Use: Scroll            |       |     9 |     7 |    12 |    20 |     8 |    10 |    12 |    14 ||    92
       Potion            |       |       |       |       |       |     3 |     4 |     2 |     4 ||    13
 Stab: Distracted        |       |       |       |       |       |       |       |     1 |       ||     1
       Paralysed         |       |       |       |       |       |       |       |     1 |       ||     1
  Eat: Chunk             |       |     6 |     7 |    27 |    35 |    37 |    31 |    27 |    35 ||   205
       Fruit             |       |       |       |       |     2 |       |       |     1 |     5 ||     8
       Royal jelly       |       |       |       |       |       |       |       |       |     5 ||     5
       Pizza             |       |       |       |       |       |       |       |       |     1 ||     1
